 Dungeon Crawl Stone Soup version 0.21.0 (webtiles) character file.

30 Hekarica the Magician (level 3, -1/24 HPs)
             Began as a Mummy Fire Elementalist on May 19, 2018.
             Slain by an adder (3 damage)
             ... on level 2 of the Dungeon.
             The game lasted 00:05:21 (1440 turns).

Hekarica the Magician (Mummy Fire Elementalist)     Turns: 1440, Time: 00:05:22

Health: -1/24      AC:  2    Str: 11    XL:     3   Next: 5%
Magic:  1/7        EV: 12    Int: 15    God:
Gold:   53         SH:  0    Dex: 12    Spells: 5/8 levels left

rFire    x . .     SeeInvis .   d - +0 dagger
rCold    + . .     Gourm    .   (no shield)
rNeg     + + +     Faith    .   a - +0 robe
rPois    ∞         Spirit   .   (no helmet)
rElec    .         Reflect  .   (no cloak)
rCorr    .         Harm     .   (no gloves)
MR       .....                  (no boots)
Stlth    ++........             (no amulet)
HPRegen  0.08/turn              (no ring)
MPRegen  0.10/turn              (no ring)

@: very slightly contaminated
A: no food or potions, fire vulnerability, cold resistance 1, negative energy
resistance 3, torment resistance, unbreathing
a: no special abilities


You were on level 2 of the Dungeon.
You were not hungry.

You visited 1 branch of the dungeon, and saw 2 of its levels.

You collected 53 gold pieces.

Inventory:

Hand Weapons
 d - a +0 dagger (weapon)
Armour
 a - a +0 robe (worn)
Books
 b - a book of Flames

   Spells                             Type                      Level
   a - Flame Tongue                   Conjuration/Fire             1
   b - Throw Flame                    Conjuration/Fire             2
   c - Conjure Flame                  Conjuration/Fire             3
   d - Inner Flame                    Hexes/Fire                   3
   e - Sticky Flame                   Conjuration/Fire             4
   f - Fireball                       Conjuration/Fire             5


   Skills:
 * Level 2.0 Dodging
 + Level 1.9 Stealth
 + Level 3.0 Spellcasting
 + Level 1.1 Conjurations
 * Level 2.7 Fire Magic


You had 5 spell levels left.
You knew the following spells:

 Your Spells              Type           Power        Failure   Level  Hunger
a - Flame Tongue          Conj/Fire      #....        9%          1    N/A
b - Throw Flame           Conj/Fire      #.....       14%         2    N/A

Dungeon Overview and Level Annotations

Branches:
Dungeon (2/15)

Altars:
Fedhas
Hepliaklqana


Innate Abilities, Weirdness & Mutations

You do not eat or drink.
Your flesh is vulnerable to fire.
You are immune to poison.
Your flesh is cold resistant. (rC+)
You are immune to negative energy. (rN+++)
You are immune to unholy pain and torment.
You can survive without breathing.


Message History

You hit the adder.
The adder is almost dead.
The adder bites you. The hobgoblin hits you with a club.
The kobold barely misses you.
You barely miss the adder.
The adder is almost dead.
The adder barely misses you. The hobgoblin hits you with a club.
* * * LOW HITPOINT WARNING * * *
The kobold closely misses you. The adder misses you.
A goblin comes into view.
The goblin shouts!
You hit the adder.
The adder is almost dead.
The hobgoblin barely misses you. The adder bites you.
* * * LOW HITPOINT WARNING * * *
The kobold barely misses you.
You hit the adder but do no damage.
The adder is almost dead.
The adder bites you.
You die...

#. . # #.###
..#. #...##
.♣..##.#..
♣......#.#
..>..sS@#
...#..Kg#
#..<.#
............._.
...##....#.....
.. #....#.....
.g...# ....
......# ##.#
........ ..


You could see an adder, a giant cockroach, a hobgoblin, a goblin and a kobold.

Vanquished Creatures
  An ooze (D:1)
  A dart slug (D:1)
  A leopard gecko (D:1)
  4 bats (D:1)
  A giant cockroach (D:1)
  2 goblins (D:1)
  3 hobgoblins (D:1)
  2 jackals (D:1)
  A kobold (D:1)
  4 frilled lizards (D:1)
  A rat (D:1)
21 creatures vanquished.

Notes
Turn   | Place    | Note
-------+----------+-------------------------------------------
     0 | D:1      | Hekarica the Mummy Fire Elementalist began the quest for the Orb.
     0 | D:1      | Reached XP level 1. HP: 13/13 MP: 4/4
   293 | D:1      | Reached XP level 2. HP: 14/19 MP: 1/5
   392 | D:1      | Reached skill level 1 in Conjurations
  1179 | D:1      | Reached skill level 3 in Spellcasting
  1188 | D:1      | Reached XP level 3. HP: 15/24 MP: 4/7
  1201 | D:1      | Found a blossoming altar of Fedhas.
  1282 | D:1      | Learned a level 2 spell: Throw Flame
  1427 | D:2      | Found a hazy altar of Hepliaklqana.
  1440 | D:2      | Slain by an adder

Skill      XL: |  1  2 |
---------------+-------+-----
Conjurations   | 1 |  1.1
Dodging        | 2 |  2.0
Spellcasting   | 3 |  3.0
Stealth        | |  1.9
Fire Magic     | |  2.7

Action                   || total
-------------------------++-------
Melee: Club              ||    27
       Unarmed           ||     1
       Dagger            ||    42
 Cast: Flame Tongue      ||    20
       Throw Flame       ||     2
Armor: Robe              ||    32
Dodge: Dodged            ||    80
